 Dungeon Crawl Stone Soup version 0.22-a0-305-gd21a89c (webtiles) character file.

364 4thArraOfDagon the Sneak (level 6, 22/25 HPs)
             Began as a Felid Conjurer on Mar 31, 2018.
             Quit the game on level 7 of the Dungeon.
             The game lasted 00:14:12 (3117 turns).

4thArraOfDagon the Sneak (Felid Conjurer)           Turns: 3117, Time: 00:14:13

Health: 22/25      AC: -1    Str:  4    XL:     6   Next: 39%
Magic:  10/10      EV: 22    Int: 18    God:
Gold:   247        SH:  0    Dex: 21    Spells: 8/9 levels left
                                        Lives:  0   Deaths: 2

rFire    + + +     SeeInvis +     - Unarmed
rCold    x . .     Gourm    .   (shield unavailable)
rNeg     . . .     Faith    .   (armour unavailable)
rPois    .         Spirit   .   (helmet unavailable)
rElec    +         Reflect  .   (cloak unavailable)
rCorr    .         Harm     .   (gloves unavailable)
MR       .....                  (boots unavailable)
Stlth    ++++......             (no amulet)
HPRegen  0.08/turn              k - ring "Rirhy" {rElec rF+++ rC- AC-3 Dex+4} (curse)
MPRegen  0.12/turn              (no ring)

@: quick
A: very small, no armour, no weapons or thrown items, stealth, claws 1, fangs 3,
see invisible, carnivore, speed 1, shaggy fur 2, slow metabolism 1, sharp paws
a: no special abilities


You were on level 7 of the Dungeon.
You were not hungry.

You visited 1 branch of the dungeon, and saw 12 of its levels.
You also visited: Labyrinth, Sewer and Ossuary.

You collected 247 gold pieces.

Inventory:

Jewellery
 k - the cursed ring "Rirhy" (left paw) {rElec rF+++ rC- AC-3 Dex+4}
   (You found it on level 5 of the Dungeon)

   [ring of protection]

   It affects your AC (-3).
   It affects your dexterity (+4).
   It renders you almost immune to fire.
   It makes you vulnerable to cold.
   It insulates you from electricity.
   It has a curse placed upon it.
Wands
 a - a wand of digging (32)
 h - a wand of iceblast (4)
Scrolls
 f - 4 scrolls of teleportation
 g - 3 scrolls of enchant weapon
 i - a scroll of fog {unknown}
 l - a scroll of blinking
Potions
 c - a potion of degeneration
 d - 2 potions of lignification
 e - a potion of might
 m - a potion of heal wounds
 n - a potion of resistance
Comestibles
 b - 11 rations


   Skills:
 + Level 1.5 Fighting
 + Level 5.9 Dodging
 + Level 6.3 Stealth
 * Level 5.6 Unarmed Combat
 - Level 2.0 Spellcasting
 - Level 3.6 Conjurations


You had 8 spell levels left.
You knew the following spells:

 Your Spells              Type           Power        Failure   Level  Hunger
a - Magic Dart            Conj           ##..         4%          1    #......


Dungeon Overview and Level Annotations

Branches:
Dungeon (12/15)            Temple (0/1) D:7
   Lair: D:8-11         Orc: D:9-12

Altars:
Fedhas
Nemelex Xobeh

Shops:
D:6 (   D:9 (

Annotations:
D:3 Borgoz's ghost, amateur HOAK


Innate Abilities, Weirdness & Mutations

You cannot wear armour.
You are incapable of wielding weapons or throwing items.
Your paws allow you to move quietly. (Stealth)
You have sharp claws.
You have razor-sharp teeth.
You have supernaturally acute eyesight. (SInv)
You are carnivorous and can eat meat at any time.
You cover ground quickly.
You are covered in thick fur. (AC +2)
You have a slow metabolism.
Your sharp claws are effective at attacking unaware monsters.


Message History

You hear a shout!
You hear a howl!
You hear an angry buzzing noise. x4
You hear a shout!
You hear an angry hiss.
You hear a bellow!
Unknown command.
You scratch the orc.
You kill the orc!
You hear an angry buzzing noise.
The worker ant closely misses you.
A gnoll comes into view. It is wielding a flail.
You scratch the gnoll.
The gnoll is lightly wounded.
The worker ant completely misses you.
The howler monkey hoots and howls with incredible vigour!
The gnoll barely misses you. The gnoll hits you with a club.
You hear a howl!
You hear an angry buzzing noise.
You hear a screech!
You hear a bellow!
Okay, then.
Evoke which item? (* to show all) (? for menu, Esc to quit)
Okay, then.
Okay, then.
Are you sure you want to abandon this character and quit the game? (Confirm with "yes".)

####### .#
#$....# ..
#..$..######.#
#.........h..#
#......####..#
#......>.##h.#
######h#.##..#
#.ah......#
#@#.......#
###g###Y#.#.#
...g...#.#.#
.#.>...#.#.#
##......g...#
#g.......###
##)######..
#..†# #.#
#.Yo# #.#


You could see a howler monkey, a hound, a worker ant and 3 gnolls.

Vanquished Creatures
  A hornet (D:11)
  A basilisk (D:11)
  A water moccasin (D:11)
  Blork the orc (D:6)
  A killer bee (D:11)
  A crimson imp (D:6)
  A hound (D:6)
  A jelly (D:6)
  An iguana (D:4)
  2 worker ants
  A gnoll (D:7)
  An adder (D:5)
  An ooze (D:3)
  A worm (D:4)
  2 leopard geckos
  2 orcs (D:7)
  4 bats
  2 giant cockroaches
  2 goblins
  6 hobgoblins
  3 jackals (D:6)
  2 quokkas
  3 ball pythons
  A frilled lizard (D:4)
  5 kobolds
  4 rats
51 creatures vanquished.

Notes
Turn   | Place    | Note
-------+----------+-------------------------------------------
     0 | D:1      | 4thArraOfDagon the Felid Conjurer began the quest for the Orb.
     0 | D:1      | Reached XP level 1. HP: 7/7 MP: 4/4
   155 | D:2      | Reached skill level 3 in Stealth
   156 | D:2      | Reached skill level 1 in Unarmed Combat
   201 | D:2      | Reached XP level 2. HP: 3/11 MP: 1/6
   613 | D:2      | Reached XP level 3. HP: 10/14 MP: 4/7
   661 | D:3      | Found a blossoming altar of Fedhas.
   665 | D:3      | Noticed Borgoz's ghost (amateur HOAK)
   737 | D:3      | Found a sparkling altar of Nemelex Xobeh.
   814 | D:5      | Entered Level 5 of the Dungeon
   970 | D:5      | Noticed an ogre
  1000 | D:4      | Noticed a phantom
  1042 | D:4      | Reached XP level 4. HP: 18/18 MP: 1/8
  1322 | D:5      | Got a scorched granite ring
  1323 | D:5      | Identified the cursed ring "Rirhy" {rElec rF+++ rC- AC-3 Dex+4} (You found it on level 5 of the Dungeon)
  1457 | D:6      | Found a glowing drain.
  1457 | D:6      | Noticed a gnoll sergeant
  1499 | D:6      | Noticed Blork the orc
  1531 | D:6      | Reached skill level 4 in Stealth
  1536 | D:6      | Slain by an iguana
  1537 | D:6      | Reached XP level 3. HP: -1/21 MP: 7/7
  1549 | Sewer    | Entered a sewer
  1652 | D:6      | Killed Blork the orc
  1652 | D:6      | Reached XP level 4. HP: 18/18 MP: 8/8
  1752 | D:6      | Reached XP level 5. HP: 16/21 MP: 6/9
  1782 | D:6      | Found Tumyquah's Antique Weapon Shoppe.
  1837 | D:6      | Found a sand-covered staircase.
  1843 | Ossuary  | Entered an ossuary
  2086 | D:7      | Noticed a yak
  2087 | D:7      | Noticed a yak
  2088 | D:7      | Noticed a yak
  2088 | D:7      | Noticed a yak
  2116 | D:8      | Noticed an ice beast
  2188 | D:9      | Found Congil's Weapon Boutique.
  2269 | D:10     | Entered Level 10 of the Dungeon
  2291 | D:10     | Noticed a vampire
  2291 | D:10     | Noticed a basilisk
  2291 | D:10     | Noticed a hippogriff
  2294 | D:11     | Noticed an orc warrior
  2365 | D:11     | Noticed a basilisk
  2387 | D:11     | Killed a basilisk
  2387 | D:11     | Reached skill level 5 in Dodging
  2387 | D:11     | Reached skill level 5 in Stealth
  2387 | D:11     | Gained mutation: You are covered in thick fur. (AC +2) [Felid growth]
  2387 | D:11     | Reached XP level 6. HP: 24/24 MP: 10/10
  2396 | D:11     | Noticed a water moccasin
  2401 | D:11     | Killed a water moccasin
  2408 | D:11     | Found a labyrinth entrance.
  2421 | Lab      | Entered a labyrinth
  2643 | Lab      | Noticed a minotaur
  2660 | D:10     | Noticed a sky beast
  2705 | D:12     | Noticed a two-headed ogre
  2881 | D:12     | Noticed a manticore
  2929 | D:11     | Reached skill level 5 in Unarmed Combat
  2942 | D:11     | Noticed a hornet
  2951 | D:11     | Killed a hornet
  2951 | D:11     | Reached skill level 1 in Fighting
  2951 | D:11     | Reached skill level 6 in Stealth
  2951 | D:11     | Reached XP level 7. HP: 24/28 MP: 11/11
  2969 | D:11     | Noticed a wyvern
  3087 | D:7      | Slain by a yak
  3088 | D:7      | Reached XP level 6. HP: -3/37 MP: 10/10
  3097 | D:7      | Found a staircase to the Ecumenical Temple.
  3117 | D:7      | Quit the game

Vault maps used:
D:1:      lemuel_arrival_behind_the_door_large
D:2:      nicolae_overflow_hidden_temple
D:3:      nemelex_xobeh_ov_fountains_minmay, first_ration, fedhas_altar_2
D:4:      kennysheep_boxes
D:5:      gammafunk_temple_overflow_statue, interstate_on_off
D:6:      cheibrodos_sewer_entry_sluice, gup_ossuary_entry_pyramid,
          serial_shops, shop, uniq_blork_the_orc
D:7:      minmay_temple_entry_butterflies, sigmund_army, uniq_menkaure
D:8:      serial_corexii_hall, corexii_hall_statues_l, corexii_hall_statues_t
D:9:      serial_shops, shop_fountains, uniq_psyche
D:10:     lair_entry_dummy
D:11:     david_orc_5, lab_entry_generic
D:12:     basic_altar, hangedman_little_slice_of_home, jmf_multi_god_temple
Lab:      labyrinth_hidden_loot, labyrinth_skeletal_remains, nicolae_lab_arrow
Sewer:    sewer_co_15_rooms
Ossuary:  ossuary_minmay_scorpions

Skill      XL: |  1  2  3  4  5  6 |
---------------+-------------------+-----
Stealth        | 3 4 5 6 |  6.3
Unarmed Combat | 1 3 4 5 |  5.6
Dodging        | 3 4 5 |  5.9
Fighting       | 1 |  1.5
Spellcasting   | |  2.0
Conjurations   | |  3.6

Action                   |  1- 3 |  4- 6 |  7- 9 || total
-------------------------+-------+-------+-------++-------
Melee: Unarmed           |    55 |    53 |    13 ||   121
       Bite              |     4 |     7 |       ||    11
       Punch             |     1 |     1 |       ||     2
 Cast: Magic Dart        |    64 |    20 |       ||    84
Evoke: Wand              |       |    16 |     1 ||    17
  Use: Potion            |     2 |     8 |     1 ||    11
       Scroll            |       |    11 |       ||    11
 Stab: Sleeping          |     3 |       |       ||     3
  Eat: Chunk             |     9 |     2 |       ||    11
Armor: Skin              |     6 |    10 |    24 ||    40
Dodge: Dodged            |    99 |    88 |    23 ||   210

Table legend:
 A = Spawn XP
 B = Non-spawn XP
 C = Spawn XP percentage of total XP
 D = Spawn monster count
 E = Non-spawn monster count
 F = Spawn count percentage of total count
 G = Total turns spent on level
                    A         B        C        D         E        F      G
               +---------+---------+-------+---------+---------+-------+---------
         Total |       0 |    1086 |   0.0 |       0 |      51 |   0.0 |  3117
               +---------+---------+-------+---------+---------+-------+---------
           D:1 |       0 |       8 |   0.0 |       0 |       5 |   0.0 |   128
           D:2 |       0 |      16 |   0.0 |       0 |      10 |   0.0 |   295
           D:3 |       0 |      24 |   0.0 |       0 |      11 |   0.0 |   351
           D:4 |       0 |      43 |   0.0 |       0 |       3 |   0.0 |   364
           D:5 |       0 |      16 |   0.0 |       0 |       2 |   0.0 |   346
           D:6 |       0 |     229 |   0.0 |       0 |      10 |   0.0 |   545
           D:7 |       0 |      54 |   0.0 |       0 |       4 |   0.0 |   107
           D:8 |       0 |       2 |   0.0 |       0 |       1 |   0.0 |    88
          D:11 |       0 |     694 |   0.0 |       0 |       5 |   0.0 |   350
               +---------+---------+-------+---------+---------+-------+---------
